 Dungeon Crawl Stone Soup version 0.31-a0-840-g6d2ecbb638 (webtiles) character file.

Game seed: 8438227010530030106

195 BinkBink the Ruffian (level 5, -4/35 HPs)
             Began as an Octopode Shapeshifter on Sept 27, 2023.
             Slain by Sigmund
             ... wielding a +0 scythe
              (12 damage)
             ... on level 2 of the Dungeon.
             The game lasted 00:05:12 (1742 turns).

BinkBink the Ruffian (Octopode Shapeshifter)        Turns: 1742, Time: 00:05:13

Health: -4/35      AC:  1    Str: 14    XL:     5   Next: 74%
Magic:  5/5        EV: 14    Int: 16    God:
Gold:   36         SH:  0    Dex: 13    Spells: 4/4 levels left

rFire   . . .        j - +8 whip of Dissent {heavy, Fragile Int+4 SInv}
rCold   . . .        k - orb {light}
rNeg    . . .        (helmet currently unavailable)
rPois   .            l - amulet of reflection
rElec   .            (no ring)
rCorr   .            (no ring)
SInv    +            (no ring)
Will    .....        (no ring)
Stlth   +            (no ring)
HPRegen 0.25/turn    (no ring)
MPRegen 0.09/turn    (no ring)
                     (no ring)

%: reflection
@: confused, beast-form, hasted, glowing, very quick
A: beast (slay +2), almost no armour, amphibious, 8 rings, camouflage 1,
gelatinous body 1, (nimble swimmer 1), tentacles
a: Begin Untransformation


You were on level 2 of the Dungeon.
You were a hulking beast.
You visited 1 branch of the dungeon, and saw 2 of its levels.

You collected 140 gold pieces.
You spent 104 gold pieces at shops.

Inventory:

Hand Weapons
 j - the +8 whip of Dissent (weapon) {heavy, Fragile Int+4 SInv}
   (You found it on level 2 of the Dungeon)

   Int+4:     It affects your intelligence (+4).
   SInv:      It lets you see invisible.
   Fragile:   It will be destroyed if unequipped.
Armour
 k - an orb of light (worn)
Jewellery
 l - an amulet of reflection (around mantle)
Talismans
 b - a beast talisman (active)
 c - a flux talisman
Scrolls
 d - a scroll of fear
 f - 2 scrolls of teleportation
 h - a scroll of brand weapon
Potions
 a - a potion of lignification
 e - a potion of attraction
 g - a potion of resistance


   Skills:
 + Level 2.4 Fighting
 + Level 0.3 Maces & Flails
 + Level 3.1 Dodging
 + Level 3.1 Stealth
 - Level 3.7 Unarmed Combat
 + Level 3.7 Shapeshifting


You had 4 spell levels left.
You didn't know any spells.
Your spell library was empty.

Dungeon Overview and Level Annotations

Branches:
Dungeon (2/15)

Altars:

Shops:
D:1 [(:(   D:2 ?

Annotations:
D:2 Sigmund


Innate Abilities, Weirdness & Mutations

You are a hulking beast.
Your limbs bulge with bestial killing power. (Slay +2)
You cannot wear most types of armour.
You are amphibious.
You can wear up to eight rings at the same time.
Your skin changes colour to match your surroundings (Stealth+).
Your rubbery body absorbs attacks. (AC +1, EV +1)
((You are camouflaged when in or above water. (Stealth+)))
You have tentacles for arms and can constrict up to eight enemies at once.


Message History

Sigmund points at you and mumbles some strange words.
You are confused.
You are too confused!
You are too confused!
You're too confused to move!
You bump into the rock wall.
Sigmund flickers, as though insubstantial.
The adder hisses angrily.
You feel less confused. The adder misses you.
You barely miss the adder. You grab the adder. You constrict the adder.
The adder bites you.
Sigmund points at you and mumbles some strange words.
The magic dart hits you. The adder bites you.
You whack the adder!
You kill the adder!
Sigmund casts a spell at you.
You are confused.
Sigmund points at you and mumbles some strange words.
You are more confused.
Sigmund barely misses you.
You are too confused!
You are too confused!
You barely miss Sigmund.
Sigmund points at you and mumbles some strange words.
You are more confused.
Sigmund hits you with a +0 scythe!
You hit Sigmund. You squeeze Sigmund.
Sigmund is lightly wounded.
Sigmund hits you with a +0 scythe!
* * * LOW HITPOINT WARNING * * *
You are too confused!
It was a potion of haste.
You feel yourself speed up. Sigmund completely misses you.
You are too confused!
You bump into the rock wall.
You are too confused!
Sigmund hits you from afar with a +0 scythe!
You die...
Sigmund begins carving another notch in his scythe.

###.........##.#
..........#..#.#
.###.....###...##
.......<..#.....##
##.....#..#......#
###.......#......#
......##.........##
...#..##..#....#..#
...#..##..#....#h.#
...#..##.......#..##
...#...#.#.....##@.#
...........##..##..#
............#....#.#######
#........................#
..#.....##..#.#.#........#
###.....###)..........[..#
####### .#.#.#........#


You could see Sigmund.

Vanquished Creatures
  Jessica (D:2)
  5 gnolls (D:2)
  5 adders (D:2)
  2 dart slugs
  8 bats
  9 endoplasms
  5 giant cockroaches
  3 goblins
  6 hobgoblins
  6 jackals
  3 quokkas (D:1)
  2 ball pythons
  2 frilled lizards (D:1)
  6 kobolds
  4 rats
67 creatures vanquished.

Notes
Turn   | Place    | Note
-------+----------+-------------------------------------------
     0 | D:1      | BinkBink the Octopode Shapeshifter began the quest for the
                  | Orb.
     0 | D:1      | Reached XP level 1. HP: 13/13 MP: 1/1
   195 | D:1      | Reached XP level 2. HP: 9/18 MP: 2/2
   205 | D:1      | Reached skill level 1 in Stealth
   361 | D:1      | Found Ysifymeq's Book Boutique.
   385 | D:1      | Found Wuej's Antique Weapon Shoppe.
   415 | D:1      | Reached XP level 3. HP: 22/23 MP: 3/3
   436 | D:1      | Found Fytoipsi's Armour Shoppe.
   835 | D:1      | Found Gusch's Weapon Emporium.
  1050 | D:2      | Noticed Jessica
  1053 | D:2      | Killed Jessica
  1054 | D:2      | Reached XP level 4. HP: 26/29 MP: 4/4
  1230 | D:2      | Found a faded altar of an unknown god.
  1322 | D:2      | Reached XP level 5. HP: 34/34 MP: 5/5
  1328 | D:2      | Found The Oracle's Delphic Readings.
  1359 | D:2      | Bought a scroll of identify for 26 gold pieces
  1359 | D:2      | Bought a scroll of identify for 26 gold pieces
  1359 | D:2      | Bought a scroll of identify for 26 gold pieces
  1359 | D:2      | Bought a scroll of identify for 26 gold pieces
  1436 | D:2      | Identified the +8 whip of Dissent {heavy, Fragile Int+4
                  | SInv}
  1723 | D:2      | Noticed Sigmund
  1742 | D:2      | Slain by Sigmund

Illustrated notes

Levels and vault maps discovered:
D:1:      kennysheep_arrival_forest, layout_basic, serial_shops,
          nicolae_shop_bloodbath_and_beyond, nicolae_shop_pleasant_corner_grove,
          shop, shop
D:2:      layout_rooms, basic_ecumenical_altar, serial_glass, glass_columns_c,
          glass_columns_b, hangedman_abyss_or_decor_stabs, corexii_shack,
          nicolae_nh_oracle_at_delphi, uniq_sigmund, uniq_jessica

Skill      XL: |  1  2  3  4  5 |
---------------+----------------+-----
Stealth        | 1 2 3 |  3.1
Fighting       | 2 |  2.4
Dodging        | 3 |  3.1
Maces & Flails | |  0.3
Unarmed Combat | |  3.7
Shapeshifting  | |  3.7

Action                     |  1- 3 |  4- 6 || total
---------------------------+-------+-------++-------
  Melee: Unarmed           |    49 |    59 ||   108
         Constrict         |    10 |    22 ||    32
         Tentacles         |    10 |    19 ||    29
         Punch             |     2 |     3 ||     5
         Whip              |       |     7 ||     7
    Use: Scroll            |       |     5 ||     5
         Potion            |       |     3 ||     3
   Stab: Sleeping          |    10 |     3 ||    13
         Distracted        |       |     1 ||     1
 Armour: Skin              |    13 |    63 ||    76
  Dodge: Dodged            |    22 |    44 ||    66
  Block: Orb               |       |     9 ||     9

Table legend: (Time is in decaauts)
 A = Elapsed time spent in this place.
 B = Non-inter-level travel time spent in this place.
 C = Inter-level travel time spent in this place.
 D = Time resting spent in this place.
 E = Time spent auto-exploring this place.
 F = Levels seen in this place.
 G = Mean time per level.
                   A        B        C        D        E       F      G
               +--------+--------+--------+--------+--------+-----+--------+
         Total |   1740 |   1711 |     29 |      0 |   1306 |   2 |  870.0 |
       Dungeon |   1740 |   1711 |     29 |      0 |   1306 |   2 |  870.0 |
               +--------+--------+--------+--------+--------+-----+--------+

Top non-repeatable levels by time:
     D:1: 1148 daAuts
     D:2: 591 daAuts
